 Dungeon Crawl Stone Soup version 0.25-a0-785-gb22c70e (webtiles) character file.

Game seed: 17173606497194271173, levelgen mode: deterministic

299 snetch the Magician (level 6, -3/44 HPs)
             Began as a Gnoll Wizard on Apr 16, 2020.
             Was an Initiate of Cheibriados.
             Killed from afar by an orc wizard (8 damage)
             ... with a magic dart
             ... on level 3 of the Dungeon on Apr 17, 2020.
             The game lasted 00:14:10 (1951 turns).

snetch the Magician (Gnoll Wizard)                  Turns: 1951, Time: 00:14:12

Health: -3/44      AC:  2    Str: 10    XL:     6   Next: 36%
Magic:  18/25      EV: 12    Int: 24    God:    Cheibriados [......]
Gold:   121        SH:  3    Dex: 14    Spells: 11/19 levels left

rFire    . . .     SeeInvis .   a - +2 dagger (drain)
rCold    . . .     Gourm    .   (no shield)
rNeg     . . .     Faith    .   l - +0 robe
rPois    .         Spirit   .   b - +0 hat
rElec    .         Reflect  +   (no cloak)
rCorr    .         Harm     .   (no gloves)
MR       .....                  (no boots)
Stlth    +++.......             v - +3 amulet of reflection
HPRegen  0.14/turn              c - ring of magical power (curse)
MPRegen  0.19/turn              B - -3 ring of evasion (curse)

@: very slow
A: distributed training, fangs 1, strong nose
a: Bend Time, Renounce Religion


You were on level 3 of the Dungeon.
You worshipped Cheibriados.
Cheibriados was noncommittal.
You were not hungry.

You visited 1 branch of the dungeon, and saw 4 of its levels.

You collected 121 gold pieces.

Inventory:

Hand Weapons
 a - a +2 dagger of draining (weapon)
 j - a cursed -1 dagger
 o - a cursed +0 mace
 p - a +0 halberd
 t - a +0 flail
 x - a +0 scythe
Missiles
 k - 18 sling bullets
 n - 97 stones (quivered)
 q - 4 boomerangs
 y - a throwing net
 z - 18 arrows
Armour
 b - a +0 hat (worn)
 l - a +0 robe (worn)
 m - a +0 chain mail
 A - a +0 scale mail
Jewellery
 c - a cursed ring of magical power (left hand)
 v - a +3 amulet of reflection (around neck)
 B - a cursed -3 ring of evasion (right hand)
 D - an uncursed ring of poison resistance {unknown}
Scrolls
 f - a scroll of random uselessness {unknown}
 g - 2 scrolls of fear {unknown}
 h - 4 scrolls of remove curse {unknown}
 i - a scroll of identify {unknown}
 r - a scroll of noise {unknown}
 u - 2 scrolls of teleportation {unknown}
Potions
 e - a potion of curing {unknown}
 s - a potion of might
 w - 2 potions of degeneration {unknown}
 C - a potion of resistance
Comestibles
 d - 9 rations
 E - 5 chunks of flesh


   Skills:
 + Level 1.9 Fighting
 + Level 1.9 Short Blades
 + Level 1.9 Long Blades
 + Level 1.9 Axes
 + Level 1.9 Maces & Flails
 + Level 1.9 Polearms
 + Level 1.9 Staves
 + Level 1.9 Slings
 + Level 1.9 Bows
 + Level 1.9 Crossbows
 + Level 1.9 Throwing
 + Level 1.9 Armour
 + Level 4.9 Dodging
 + Level 4.5 Stealth
 + Level 1.9 Shields
 + Level 1.9 Unarmed Combat
 + Level 7.4 Spellcasting
 + Level 2.6 Conjurations
 + Level 1.5 Hexes
 + Level 1.5 Charms
 + Level 2.6 Summonings
 + Level 1.5 Necromancy
 + Level 2.6 Translocations
 + Level 1.5 Transmutations
 + Level 1.5 Fire Magic
 + Level 1.5 Ice Magic
 + Level 1.5 Air Magic
 + Level 1.5 Earth Magic
 + Level 1.5 Poison Magic
 + Level 2.1 Invocations
 + Level 1.9 Evocations


You had 11 spell levels left.
You knew the following spells:

 Your Spells              Type           Power        Failure   Level  Hunger
a - Magic Dart            Conj           ###.         2%          1    None
b - Blink                 Tloc           N/A          3%          2    None
c - Call Imp              Summ           ###.....     3%          2    None
d - Mephitic Cloud        Conj/Pois/Air  ###.....     10%         3    None

Your spell library contained the following spells:

 Spells                   Type           Power        Failure   Level  Hunger
 Slow                     Hex            ###.....     5%          2    None
 Conjure Flame            Conj/Fire      ###.....     9%          3    None


Dungeon Overview and Level Annotations

Branches:
Dungeon (4/15)
 Temple: D:4-7

Altars:
Cheibriados
Vehumet


Innate Abilities, Weirdness & Mutations

Your experience applies equally to all skills.
You have very sharp teeth.
Your uncanny sense of smell can sniff out nearby items.


Message History

The orc hits itself with a +0 short sword.
The orc is killed!
Cheibriados thoroughly appreciates the change of pace.
Something hits your white imp but does no damage.
The orc wizard is engulfed in noxious fumes.
You hear some strange, mumbled words.
A magic dart appears from out of thin air!
The magic dart hits you!
* * * LOW HITPOINT WARNING * * *
Your white imp gestures at the orc wizard.
The puff of frost hits the orc wizard.
The orc wizard is engulfed in noxious fumes.
The orc wizard appears confused.
The orc wizard barely misses you.
You hear some strange, mumbled words.
A puff of flame appears from out of thin air!
The puff of flame misses you.
You hear some strange, mumbled words.
A magic dart appears from out of thin air!
The magic dart hits you!
You die...

......... .........
........# #..{o...#
#.....############
#o....#..........#
#.o...#..........#
#.....#..5.÷.....#
.##.....#°o.@......#
.........#)5{.......#
####................#
#........#########
#........# #..[.....#
#.#####........#
....)..........#
.######........######


You could see an orc wizard (confused), a friendly crimson imp and a friendly
white imp.

Vanquished Creatures
  5 gnolls
  2 adders
  An ooze (D:1)
  4 worms
  A leopard gecko (D:2)
  4 orcs
  4 giant cockroaches
  7 goblins
  6 hobgoblins
  6 jackals (D:2)
  A quokka (D:3)
  2 bats (D:1)
  5 frilled lizards
  7 kobolds
  6 rats
61 creatures vanquished.

Vanquished Creatures (collateral kills)
  Sigmund (D:3)
  An orc (D:3)
2 creatures vanquished.

Grand Total: 63 creatures vanquished

Notes
Turn   | Place    | Note
-------+----------+-------------------------------------------
     0 | D:1      | snetch the Gnoll Wizard began the quest for the Orb.
     0 | D:1      | Reached XP level 1. HP: 13/13 MP: 8/8
   313 | D:1      | Reached XP level 2. HP: 19/19 MP: 10/10
   514 | D:1      | Reached XP level 3. HP: 12/25 MP: 9/11
   757 | D:2      | Reached skill level 1 in Invocations
   933 | D:2      | Reached skill level 1 in Fighting
   933 | D:2      | Reached skill level 1 in Short Blades
   933 | D:2      | Reached skill level 1 in Long Blades
   933 | D:2      | Reached skill level 1 in Axes
   933 | D:2      | Reached skill level 1 in Maces & Flails
   933 | D:2      | Reached skill level 1 in Polearms
   933 | D:2      | Reached skill level 1 in Staves
   933 | D:2      | Reached skill level 1 in Slings
   933 | D:2      | Reached skill level 1 in Bows
   933 | D:2      | Reached skill level 1 in Crossbows
   933 | D:2      | Reached skill level 1 in Throwing
   933 | D:2      | Reached skill level 1 in Armour
   933 | D:2      | Reached skill level 1 in Shields
   933 | D:2      | Reached skill level 1 in Unarmed Combat
   933 | D:2      | Reached skill level 1 in Evocations
   944 | D:2      | Reached XP level 4. HP: 31/32 MP: 6/13
  1117 | D:1      | Learned a level 2 spell: Blink
  1120 | D:1      | Learned a level 2 spell: Call Imp
  1124 | D:1      | Learned a level 3 spell: Mephitic Cloud
  1154 | D:2      | Upgraded the game from 0.25-a0-782-g655279c to
                  | 0.25-a0-785-gb22c70e
  1342 | D:3      | Noticed Sigmund
  1375 | D:3      | Killed Sigmund
  1375 | D:3      | Reached skill level 1 in Hexes
  1375 | D:3      | Reached skill level 1 in Charms
  1375 | D:3      | Reached skill level 1 in Necromancy
  1375 | D:3      | Reached skill level 1 in Transmutations
  1375 | D:3      | Reached skill level 1 in Fire Magic
  1375 | D:3      | Reached skill level 1 in Ice Magic
  1375 | D:3      | Reached skill level 1 in Air Magic
  1375 | D:3      | Reached skill level 1 in Earth Magic
  1375 | D:3      | Reached skill level 1 in Poison Magic
  1375 | D:3      | Reached XP level 5. HP: 8/38 MP: 14/14
  1375 | D:3      | Reached XP level 6. HP: 10/44 MP: 16/16
  1397 | D:3      | Found a snail-covered altar of Cheibriados.
  1410 | D:3      | Became a worshipper of Cheibriados the Contemplative
  1726 | D:3      | Found a radiant altar of Vehumet.
  1951 | D:3      | Killed from afar by an orc wizard

Levels and vault maps discovered:
D:1:      zaba_arrival_water, layout_basic
D:2:      layout_basic, dk_vineyard_3
D:3:      layout_basic, nicolae_overflow_crystal_walls, fiery_altar_vehumet,
          lemuel_round_altar, lemuel_round_altar, nemelex_altar_shiori,
          lemuel_doored_altar, hangedman_decor_riveting, uniq_robin,
          uniq_sigmund
D:4:      layout_basic, doesnt_xom_only_xom, marbit_many_paths, kennysheep_mini,
          minmay_temple_entry_tees, first_ration, ebering_ghost_sewer_f

Skill      XL: |  1  2  3  4  5  6 |
---------------+-------------------+-----
Conjurations   | 2 |  2.6
Summonings     | 2 |  2.6
Translocations | 2 |  2.6
Invocations    | 1 2 |  2.1
Fighting       | 1 |  1.9
Short Blades   | 1 |  1.9
Long Blades    | 1 |  1.9
Axes           | 1 |  1.9
Maces & Flails | 1 |  1.9
Polearms       | 1 |  1.9
Staves         | 1 |  1.9
Slings         | 1 |  1.9
Bows           | 1 |  1.9
Crossbows      | 1 |  1.9
Throwing       | 1 |  1.9
Armour         | 1 |  1.9
Shields        | 1 |  1.9
Unarmed Combat | 1 |  1.9
Evocations     | 1 |  1.9
Hexes          | 1 |  1.5
Charms         | 1 |  1.5
Necromancy     | 1 |  1.5
Transmutations | 1 |  1.5
Fire Magic     | 1 |  1.5
Ice Magic      | 1 |  1.5
Air Magic      | 1 |  1.5
Earth Magic    | 1 |  1.5
Poison Magic   | 1 |  1.5
Dodging        | |  4.9
Stealth        | |  4.5
Spellcasting   | |  7.4

Action                   |  1- 3 |  4- 6 || total
-------------------------+-------+-------++-------
Melee: Dagger            |    10 |    54 ||    64
       Bite              |       |     2 ||     2
 Cast: Magic Dart        |    73 |    36 ||   109
       Call Imp          |       |     6 ||     6
       Mephitic Cloud    |       |     2 ||     2
  Use: Potion            |       |     1 ||     1
 Stab: Sleeping          |       |     2 ||     2
  Eat: Chunk             |       |     3 ||     3
Armor: Robe              |     4 |     5 ||     9
Dodge: Dodged            |    30 |    39 ||    69
Block: Other             |       |     8 ||     8

Table legend:
 A = Non-vault XP
 B = Vault XP
 C = Vault XP percentage of total XP
 D = Non-vault monster count
 E = Vault monster count
 F = Vault count percentage of total count
                 A         B        C        D         E       F
            +---------+---------+-------+---------+---------+-------
      Total |     212 |     216 |  50.5 |      62 |       1 |   1.6
            +---------+---------+-------+---------+---------+-------
        D:1 |      47 |       0 |   0.0 |      19 |       0 |   0.0
        D:2 |      65 |       0 |   0.0 |      24 |       0 |   0.0
        D:3 |      54 |     216 |  80.0 |      15 |       1 |   6.2
        D:4 |      46 |       0 |   0.0 |       4 |       0 |   0.0
            +---------+---------+-------+---------+---------+-------
